 Dungeon Crawl Stone Soup version 0.22.1-2-g9c5b331 (webtiles) character file.

218 Harpaggios the Insei (level 5, -1/41 HPs)
             Began as a Gnoll Transmuter on Dec 25, 2018.
             Slain by a sky beast (2 damage)
             ... on level 3 of the Dungeon.
             The game lasted 00:13:07 (2531 turns).

Harpaggios the Insei (Gnoll Transmuter)             Turns: 2531, Time: 00:13:08

Health: -1/41      AC:  2    Str: 12    XL:     5   Next: 95%
Magic:  9/12       EV: 15    Int: 16    God:
Gold:   76         SH:  0    Dex: 16    Spells: 8/14 levels left

rFire    . . .     SeeInvis .   e - +0 falchion (holy)
rCold    . . .     Gourm    .   (no shield)
rNeg     . . .     Faith    .   b - +0 robe
rPois    .         Spirit   .   (no helmet)
rElec    .         Reflect  .   (no cloak)
rCorr    .         Harm     .   (no gloves)
MR       .....                  (no boots)
Stlth    ++........             (no amulet)
HPRegen  0.13/turn              (no ring)
MPRegen  0.13/turn              (no ring)

@: no status effects
A: distributed training, fangs 1, strong nose
a: no special abilities


You were on level 3 of the Dungeon.
You were not hungry.

You visited 1 branch of the dungeon, and saw 3 of its levels.

You collected 76 gold pieces.

Inventory:

Hand Weapons
 e - a +0 falchion of holy wrath (weapon)
Missiles
 a - 35 arrows
Armour
 b - a +0 robe (worn)
Scrolls
 g - 6 scrolls of identify
 h - 2 scrolls of teleportation
 i - a scroll of fear {unknown}
 j - a scroll of remove curse {unknown}
 m - a scroll of magic mapping {unknown}
Potions
 c - 2 potions of curing
 k - a potion of agility
 l - a potion of heal wounds
Comestibles
 d - 5 rations
 f - 7 chunks of flesh


   Skills:
 + Level 3.1 Fighting
 + Level 1.6 Short Blades
 + Level 1.6 Long Blades
 + Level 1.6 Axes
 + Level 1.6 Maces & Flails
 + Level 1.6 Polearms
 + Level 1.6 Staves
 + Level 1.6 Slings
 + Level 1.6 Bows
 + Level 1.6 Crossbows
 + Level 1.6 Throwing
 + Level 1.6 Armour
 + Level 4.8 Dodging
 + Level 1.6 Stealth
 + Level 1.6 Shields
 + Level 6.7 Unarmed Combat
 + Level 5.2 Spellcasting
 + Level 1.3 Conjurations
 + Level 1.3 Hexes
 + Level 1.3 Charms
 + Level 1.3 Summonings
 + Level 1.3 Necromancy
 + Level 1.3 Translocations
 + Level 4.0 Transmutations
 + Level 1.3 Fire Magic
 + Level 1.3 Ice Magic
 + Level 1.3 Air Magic
 + Level 1.3 Earth Magic
 + Level 1.3 Poison Magic
 + Level 1.9 Invocations
 + Level 1.6 Evocations


You had 8 spell levels left.
You knew the following spells:

 Your Spells              Type           Power        Failure   Level  Hunger
a - Beastly Appendage     Tmut           ###...       2%          1    None
b - Sticks to Snakes      Tmut           ###.....     4%          2    #......
c - Spider Form           Tmut/Pois      ##........   14%         3    ###....

Your spell library contained the following spells:

 Spells                   Type           Power        Failure   Level  Hunger
 Ice Form                 Ice/Tmut       ##......     43%         4    ####...
 Blade Hands              Tmut           ###.......   61%         5    ######.


Dungeon Overview and Level Annotations

Branches:
Dungeon (3/15)

Altars:
Cheibriados
Dithmenos


Innate Abilities, Weirdness & Mutations

Your experience applies equally to all skills.
You have very sharp teeth.
Your uncanny sense of smell can sniff out nearby items.


Message History

The sky beast hits you. The sky beast shocks you.
Unknown command.
You hit the sky beast. Your kick misses the sky beast.
The sky beast is almost dead.
Your adder bites the sky beast.
Your ball python bites the sky beast but does no damage.
The sky beast flickers out of sight!
Deactivating autopickup; reactivate with Ctrl-A.
Something hits you. Something shocks you.
* * * LOW HITPOINT WARNING * * *
You swap places.
Something hits you.
* * * LOW HITPOINT WARNING * * *
Something shocks you.
* * * LOW HITPOINT WARNING * * *
You closely miss something. Your kick misses something.
Your talons disappear.
A sky beast appears from thin air!
Reactivating autopickup.
The sky beast hits you.
You die...

. #.# . #.# #g #.#
#.#.# #. #.# #.#.#
#.##.# #.#.# #..#.#
##.#.#
##.#$###....### #
#.?.YS......#.#_# #
#...S@......8.#.#.#.#
#....................
#....................
#.........).8.#.#.#.#
#...........#_### #
#...........#####
####.............
##..##.##....#
##.##.# #####


You could see a sky beast, a friendly adder and a friendly ball python.

Vanquished Creatures
  2 orc priests (D:2)
  An orc wizard (D:2)
  A worker ant (D:3)
  2 adders
  An ooze (D:1)
  2 worms (D:2)
  2 dart slugs
  3 leopard geckos (D:1)
  3 orcs
  5 bats
  3 giant cockroaches
  7 goblins
  A hobgoblin (D:1)
  5 jackals (D:3)
  8 kobolds
  5 frilled lizards
  3 rats (D:1)
54 creatures vanquished.

Vanquished Creatures (collateral kills)
  Jessica (D:2)
  2 orcs (D:2)
  A kobold (D:2)
4 creatures vanquished.

Grand Total: 58 creatures vanquished

Notes
Turn   | Place    | Note
-------+----------+-------------------------------------------
     0 | D:1      | Harpaggios the Gnoll Transmuter began the quest for the
                  | Orb.
     0 | D:1      | Reached XP level 1. HP: 17/17 MP: 6/6
    98 | D:1      | Reached XP level 2. HP: 9/23 MP: 7/7
   320 | D:1      | Learned a level 2 spell: Sticks to Snakes
   479 | D:1      | Reached XP level 3. HP: 24/28 MP: 7/9
   702 | D:2      | Reached skill level 5 in Spellcasting
   751 | D:2      | Noticed Jessica
   762 | D:2      | Killed Jessica
   762 | D:2      | Reached skill level 1 in Invocations
   929 | D:2      | Reached skill level 1 in Short Blades
   929 | D:2      | Reached skill level 1 in Long Blades
   929 | D:2      | Reached skill level 1 in Axes
   929 | D:2      | Reached skill level 1 in Maces & Flails
   929 | D:2      | Reached skill level 1 in Polearms
   929 | D:2      | Reached skill level 1 in Staves
   929 | D:2      | Reached skill level 1 in Slings
   929 | D:2      | Reached skill level 1 in Bows
   929 | D:2      | Reached skill level 1 in Crossbows
   929 | D:2      | Reached skill level 1 in Throwing
   929 | D:2      | Reached skill level 1 in Armour
   929 | D:2      | Reached skill level 1 in Stealth
   929 | D:2      | Reached skill level 1 in Shields
   929 | D:2      | Reached skill level 1 in Evocations
   994 | D:2      | Reached XP level 4. HP: 34/34 MP: 0/11
  1011 | D:2      | Reached skill level 1 in Conjurations
  1011 | D:2      | Reached skill level 1 in Hexes
  1011 | D:2      | Reached skill level 1 in Charms
  1011 | D:2      | Reached skill level 1 in Summonings
  1011 | D:2      | Reached skill level 1 in Necromancy
  1011 | D:2      | Reached skill level 1 in Translocations
  1011 | D:2      | Reached skill level 1 in Fire Magic
  1011 | D:2      | Reached skill level 1 in Ice Magic
  1011 | D:2      | Reached skill level 1 in Air Magic
  1011 | D:2      | Reached skill level 1 in Earth Magic
  1011 | D:2      | Reached skill level 1 in Poison Magic
  1015 | D:2      | Reached XP level 5. HP: 35/40 MP: 3/12
  2491 | D:3      | Learned a level 3 spell: Spider Form
  2501 | D:3      | Found a snail-covered altar of Cheibriados.
  2505 | D:3      | Found a shadowy altar of Dithmenos.
  2515 | D:3      | Noticed a sky beast
  2530 | D:3      | HP: 1/41 [something (6)]
  2531 | D:3      | Slain by a sky beast

Skill      XL: |  1  2  3  4  5 |
---------------+----------------+-----
Spellcasting   | 5 |  5.2
Invocations    | 1 |  1.9
Short Blades   | 1 |  1.6
Long Blades    | 1 |  1.6
Axes           | 1 |  1.6
Maces & Flails | 1 |  1.6
Polearms       | 1 |  1.6
Staves         | 1 |  1.6
Slings         | 1 |  1.6
Bows           | 1 |  1.6
Crossbows      | 1 |  1.6
Throwing       | 1 |  1.6
Armour         | 1 |  1.6
Stealth        | 1 |  1.6
Shields        | 1 |  1.6
Evocations     | 1 |  1.6
Conjurations   | 1 |  1.3
Hexes          | 1 |  1.3
Charms         | 1 |  1.3
Summonings     | 1 |  1.3
Necromancy     | 1 |  1.3
Translocations | 1 |  1.3
Fire Magic     | 1 |  1.3
Ice Magic      | 1 |  1.3
Air Magic      | 1 |  1.3
Earth Magic    | 1 |  1.3
Poison Magic   | 1 |  1.3
Fighting       | 3 |  3.1
Transmutations | 4 |  4.0
Dodging        | |  4.8
Unarmed Combat | |  6.7

Action                   |  1- 3 |  4- 6 || total
-------------------------+-------+-------++-------
Melee: Unarmed           |    57 |     7 ||    64
       Kick              |     6 |     1 ||     7
       Bite              |     4 |    11 ||    15
       Headbutt          |     3 |    19 ||    22
       Punch             |     2 |     2 ||     4
       Falchion          |       |    79 ||    79
 Cast: Beastly Appendage |    14 |    12 ||    26
       Sticks to Snakes  |     9 |     2 ||    11
  Use: Potion            |     4 |     1 ||     5
       Scroll            |     2 |       ||     2
 Stab: Distracted        |     1 |       ||     1
       Sleeping          |       |     1 ||     1
  Eat: Chunk             |       |     5 ||     5
Armor: Robe              |     5 |    10 ||    15
Dodge: Dodged            |    40 |    58 ||    98
       Rpst.: Falchion   |       |    20 ||    20
